 Dungeon Crawl Stone Soup version 0.28-a0-385-g79de503ca0 (webtiles) character file.

Game seed: 11722765186318108660

24 Malachi the Ducker (level 3, -1/29 HPs)
             Began as a Djinni Gladiator on Sept 3, 2021.
             Slain by a ball python (3 damage)
             ... on level 1 of the Dungeon.
             The game lasted 00:00:49 (737 turns).

Malachi the Ducker (Djinni Gladiator)                Turns: 737, Time: 00:00:50

Health: -1/29      AC:  4    Str: 13    XL:     3   Next: 15%
Gold:   15         EV:  9    Int: 10    God:
                   SH:  0    Dex: 14

rFire   + + .      SeeInvis .   a - +0 long sword
rCold   x . .      Faith    .   (no shield)
rNeg    . . .      Spirit   .   b - +0 leather armour
rPois   ∞          Reflect  .   c - +0 helmet
rElec   .          Harm     .   (no cloak)
rCorr   .          Rampage  .   (no gloves)
Will    .....                   (boots unavailable)
Stlth   +.........              (no amulet)
HPRegen 0.09/turn               (no ring)
MPRegen 0.00/turn               (no ring)

@: flying, constricted
A: sickness immunity, fire resistance 2, cold vulnerability 1, float, innate
caster, hp casting, extra vitality 1
a: no special abilities


You were on level 1 of the Dungeon.
You visited 1 branch of the dungeon, and saw 1 of its levels.

You collected 15 gold pieces.

Inventory:

Hand Weapons
 a - a +0 long sword (weapon)
Missiles
 d - 2 throwing nets (quivered)
Armour
 b - a +0 leather armour (worn)
 c - a +0 helmet (worn)
Scrolls
 e - a scroll of torment {unknown}
 g - a scroll of teleportation {unknown}
 h - a scroll of identify {unknown}
 i - a scroll of fear {unknown}
Potions
 f - a potion of attraction {unknown}


   Skills:
 + Level 2.3 Fighting
 + Level 3.3 Long Blades
 + Level 1.5 Throwing
 + Level 0.4 Armour
 + Level 3.4 Dodging
 + Level 0.1 Stealth


You had one spell level left.
You knew the following spells:

 Your Spells              Type           Power      Damage    Failure   Level
a - Foxfire               Conj/Fire      0%         2x1d4     43%         1
Your spell library was empty.

Dungeon Overview and Level Annotations

Branches:
Dungeon (1/15)

Altars:


Innate Abilities, Weirdness & Mutations

You are immune to sickness and miasma.
You are immune to poison.
Your flesh is very heat resistant. (rF++)
You are vulnerable to cold. (rC-)
You float through the air rather than walking.
You learn spells naturally, not from books.
Your magical power is your life essence.
You have superior vitality. (+4 HP)


Message History

The ball python grabs you. The ball python constricts you.
The bat barely misses you.
You closely miss the bat. The bat closely misses you.
The ball python bites you but does no damage.
The ball python constricts you.
The ball python bites you but does no damage.
The ball python constricts you.
You miss the goblin. The goblin barely misses you.
The ball python bites you but does no damage.
The ball python constricts you. The goblin hits you with a +0 dagger.
You closely miss the goblin. The ball python barely misses you.
The ball python constricts you. The goblin barely misses you.
The ball python bites you.
* * * LOW HITPOINT WARNING * * *
The ball python constricts you.
You hit the goblin.
The goblin is moderately wounded.
The ball python bites you.
* * * LOW HITPOINT WARNING * * *
The ball python constricts you. The goblin closely misses you.
You slash the goblin!
You kill the goblin!
The bat hits you.
* * * LOW HITPOINT WARNING * * *
The ball python bites you but does no damage.
The ball python constricts you.
The ball python bites you but does no damage.
The ball python constricts you.
* * * LOW HITPOINT WARNING * * *
You escape the ball python's grasp.
The bat closely misses you.
Items here: ( )) †.
Found 22 stones.
The bat closely misses you. The ball python bites you.
* * * LOW HITPOINT WARNING * * *
The ball python grabs you. The ball python constricts you.
The ball python bites you.
* * * LOW HITPOINT WARNING * * *
The ball python constricts you.
* * * LOW HITPOINT WARNING * * *
The bat hits you but does no damage. The ball python bites you.
You die...

####.#≈≈≈##.#...##
#.'≈≈≈+..#####
###≈≈≈#..#
##+###.##
#####......#
#..........#
#.##.#####.#
#S)#.#(#.#
##@......#
#.....##..
##.b...#.#
.....##..
$#.#..#.# ## ##.##
.. ..


You could see a bat and a ball python.

Vanquished Creatures
  2 dart slugs (D:1)
  An endoplasm (D:1)
  2 goblins (D:1)
  2 hobgoblins (D:1)
  2 jackals (D:1)
  2 kobolds (D:1)
  A quokka (D:1)
  2 ball pythons (D:1)
  2 bats (D:1)
  A frilled lizard (D:1)
  A rat (D:1)
18 creatures vanquished.

Notes
Turn   | Place    | Note
-------+----------+-------------------------------------------
     0 | D:1      | Malachi the Djinni Gladiator began the quest for the Orb.
     0 | D:1      | Reached XP level 1. HP: 18/18 MP: 0/0
   433 | D:1      | Reached XP level 2. HP: 22/23 MP: 0/0
   669 | D:1      | Reached XP level 3. HP: 27/29 MP: 0/0
   669 | D:1      | Learned a level 1 spell: Foxfire
   737 | D:1      | Slain by a ball python

Illustrated notes

Levels and vault maps discovered:
D:1:      nicolae_arrival_memento_mori, layout_loops_corners,
          dreamdust_ecumenical_altar_statues, minmay_liquid_box,
          minmay_octomino_e4

Skill      XL: |  1 |
---------------+----+-----
Long Blades    | 3 |  3.3
Fighting       | |  2.3
Throwing       | |  1.5
Armour         | |  0.4
Dodging        | |  3.4
Stealth        | |  0.1

Action                   || total
-------------------------++-------
Melee: Long sword        ||    73
Throw: Throwing net      ||     1
Armor: Leather armour    ||    28
Dodge: Dodged            ||    65

Table legend: (Time is in decaauts)
 A = Elapsed time spent in this place.
 B = Non-inter-level travel time spent in this place.
 C = Inter-level travel time spent in this place.
 D = Time resting spent in this place.
 E = Time spent auto-exploring this place.
 F = Levels seen in this place.
 G = Mean time per level.
                   A        B        C        D        E       F      G
               +--------+--------+--------+--------+--------+-----+--------+
         Total |    754 |    754 |      0 |    133 |    480 |   1 |  754.0 |
       Dungeon |    754 |    754 |      0 |    133 |    480 |   1 |  754.0 |
               +--------+--------+--------+--------+--------+-----+--------+

Top non-repeatable levels by time:
     D:1: 754 daAuts
